 Dungeon Crawl Stone Soup version 0.18.1-50-g88ac8fd (webtiles) character file.

22 Chiseanne the Gusty (level 2, 0/20 HPs)
             Began as a Centaur Air Elementalist on Oct 9, 2016.
             Succumbed to an adder's poison
             ... on level 2 of the Dungeon.
             The game lasted 00:02:56 (1510 turns).

Chiseanne the Gusty (Centaur Air Elementalist)      Turns: 1510, Time: 00:02:57

Health: 0/20       AC:  4    Str: 10    XL:     2   Next: 68%
Magic:  0/5        EV:  9    Int: 14    God:
Gold:   14         SH:  0    Dex:  9    Spells: 1 memorised, 4 levels left

rFire  . . .     SeeInvis .     f - +0 mace
rCold  . . .     Gourm    .     a - +0 robe
rNeg   . . .     Faith    .     (no shield)
rPois  .         Spirit   .     (helmet restricted)
rElec  .         Dismiss  .     (no cloak)
rCorr  .         Reflect  .     (no gloves)
SustAt .         Harm     .     (no barding)
MR     +....                    (no amulet)
Stlth  +.........               (no ring)
                                h - ring of protection from magic

@: lethally poisoned (0 -> -14), very slightly contaminated, very quick,
somewhat resistant to hostile enchantments, very unstealthy
A: hooves 3, horns 1, blink, deformed body, speed 2, tough skin 3, evolution 1
a: Blink


You were on level 2 of the Dungeon.
You were not hungry.

You visited 1 branch of the dungeon, and saw 2 of its levels.

You collected 14 gold pieces.

Inventory:

Hand Weapons
 f - a +0 mace (weapon)
Missiles
 e - 7 javelins (quivered)
 g - 14 arrows
 j - 54 stones
Armour
 a - a +0 robe (worn)
 i - a +0 helmet
Jewellery
 h - a ring of protection from magic (left hand)
Scrolls
 k - 2 scrolls of remove curse
Books
 b - a book of Air

   Spells                             Type                      Level
   a - Shock                          Conjuration/Air              1
   b - Swiftness                      Charms/Air                   2
   c - Repel Missiles                 Charms/Air                   2
   d - Static Discharge               Conjuration/Air              3
   e - Lightning Bolt                 Conjuration/Air              5
Comestibles
 c - a bread ration
 d - 4 fruits
 l - 2 meat rations


   Skills:
 - Level 1.3 Dodging
 - Level 1.2 Stealth
 * Level 2.0 Spellcasting
 * Level 1.5 Conjurations
 * Level 2.9 Air Magic


You had 4 spell levels left.
You knew the following spells:

 Your Spells              Type           Power        Failure   Level  Hunger
a - Shock                 Conj/Air       #...         12%         1    ##.....


Dungeon Overview and Level Annotations

Branches:
Dungeon (2/15)

Altars:


Innate Abilities, Weirdness & Mutations

You have hooves in place of feet.
Armour fits poorly on your strangely shaped body.
You cover ground very quickly.
You have extremely tough skin (AC +3).
You have a pair of small horns on your head.
You can translocate small distances at will.
You evolve.


Message History

Your +0 helmet falls away!
You feel jittery.
You feel nature experimenting on you.
Don't worry, failures die fast.
* * * LOW HITPOINT WARNING * * *
You feel sick. The adder bites you.
* * * LOW HITPOINT WARNING * * *
You are more poisoned.
The adder poisons you!
You aren't carrying any potions.
You aren't carrying any potions.
You aren't carrying any potions.
You aren't carrying any potions.
Casting: Shock
Confirm with . or Enter, or press ? or * to list all spells.
Aiming: Shock
Press: ? - help, Shift-Dir - straight line, f/p - adder
Aim: an adder (moderately wounded)
The zap hits the adder.
The adder is heavily wounded.
You die...

+..... #..... #.....
#..... .....# ....
#S#### ## #.
###.@..#..#.
#.###...).......
#..........##.##
..###........... #.#
#....#.#...## #.#
#....#.#....#
#######.###....#.#....##
.#
#..............#.#.....#
#..# ........###...##
#...#.###.#..#


You could see an adder.

Vanquished Creatures
  An ooze (D:2)
  A ball python (D:1)
  3 goblins (D:1)
  2 hobgoblins (D:1)
  3 jackals (D:1)
  2 bats (D:1)
  A giant newt (D:1)
  4 rats
17 creatures vanquished.

Notes
Turn   | Place    | Note
--------------------------------------------------------------
     0 | D:1      | Chiseanne the Centaur Air Elementalist began the quest for the Orb.
     0 | D:1      | Reached XP level 1. HP: 14/14 MP: 3/3
   161 | D:1      | Reached skill level 1 in Conjurations
   436 | D:1      | Reached XP level 2. HP: 7/20 MP: 1/4
  1509 | D:2      | Gained mutation: You have a pair of small horns on your head. [potion of mutation]
  1509 | D:2      | Gained mutation: You can translocate small distances at will. [potion of mutation]
  1509 | D:2      | Gained mutation: You evolve. [potion of mutation]
  1509 | D:2      | HP: 1/20 [adder (2)]
  1510 | D:2      | Succumbed to an adder's poison

Skill      XL: |  1  2 |
---------------+-------+-----
Conjurations   | 1 |  1.5
Spellcasting   | 2 |  2.0
Dodging        | |  1.3
Stealth        | |  1.2
Air Magic      | |  2.9

Action                   || total
-------------------------++-------
Melee: Whip              ||    33
       Kick              ||     4
       Mace              ||     4
 Cast: Shock             ||    26
  Use: Scroll            ||     4
       Potion            ||     1
  Eat: Chunk             ||     2
Armor: Robe              ||    34
Dodge: Dodged            ||    23
